 Dungeon Crawl Stone Soup version 0.22-a0-389-g8519d86 (webtiles) character file.

65 Kairos the Shield-Bearer (level 4, -5/23 HPs)
             Began as a Vine Stalker Fighter on Apr 30, 2018.
             Slain by a gnoll
             ... wielding a +1 halberd of protection
              (11 damage)
             ... on level 2 of the Dungeon.
             The game lasted 00:01:55 (1808 turns).

Kairos the Shield-Bearer (Vine Stalker Fighter)     Turns: 1808, Time: 00:01:57

Health: -5/23      AC:  6    Str: 24    XL:     4   Next: 13%
Magic:  0/5        EV:  7    Int:  8    God:
Gold:   71         SH: 10    Dex: 13    Spells: 3/3 levels left

rFire    . . .     SeeInvis .   a - +0 war axe
rCold    . . .     Gourm    .   c - +0 shield
rNeg     . . .     Faith    .   b - +0 scale mail
rPois    .         Spirit   +   (no helmet)
rElec    .         Reflect  .   (no cloak)
rCorr    .         Harm     +   (no gloves)
MR       .....                  (no boots)
Stlth    ..........             k - amulet of harm
HPRegen  0.47/turn              e - +4 ring of strength
MPRegen  0.09/turn              (no ring)

@: no status effects
A: fangs 2, regeneration 1, magic shield, antimagic bite, no potion heal 3, rot
immunity
a: no special abilities


You were on level 2 of the Dungeon.
You were not hungry.

You visited 1 branch of the dungeon, and saw 2 of its levels.

You collected 71 gold pieces.

Inventory:

Hand Weapons
 a - a +0 war axe (weapon)
Missiles
 o - 7 javelins (quivered)
Armour
 b - a +0 scale mail (worn)
 c - a +0 shield (worn)
Jewellery
 e - a +4 ring of strength (left hand)
 k - an amulet of harm (around neck)
 p - an uncursed ring of positive energy {unknown}
Scrolls
 h - a scroll of remove curse {unknown}
 i - a scroll of teleportation {unknown}
 m - a scroll of magic mapping {unknown}
 q - a scroll of fear {unknown}
Potions
 d - a potion of might
 g - a potion of degeneration {unknown}
 j - a potion of brilliance {unknown}
 l - a potion of haste {unknown}
Comestibles
 f - 3 rations
 n - 3 chunks of flesh


   Skills:
 + Level 2.9 Fighting
 + Level 2.4 Axes
 + Level 2.9 Armour
 + Level 0.6 Dodging
 + Level 3.2 Shields


You had 3 spell levels left.
You didn't know any spells.

Dungeon Overview and Level Annotations

Branches:
Dungeon (2/15)

Altars:
Gozag
Qazlal
Sif Muna


Innate Abilities, Weirdness & Mutations

You have extremely sharp teeth.
Your natural rate of healing is unusually fast.
When hurt, damage is shared between your health and your magic reserves.
Your bite disrupts and absorbs the magic of your enemies.
Potions cannot restore your health.
You are immune to rotting.


Message History

The gnoll is moderately wounded.
The gnoll hits you but does no damage.
The gnoll hits you from afar with a spear.
The gnoll barely misses you.
You closely miss the gnoll. You bite the gnoll, but do no damage.
The gnoll is lightly wounded.
You block the gnoll's attack. The gnoll barely misses you.
You closely miss the gnoll.
The gnoll is lightly wounded.
The gnoll hits you from afar with a spear.
The gnoll hits you with a halberd of protection!
The gnoll hits you from afar with a spear.
* * * LOW HITPOINT WARNING * * *
Your scale mail prevents you from hitting the gnoll.
The gnoll is lightly wounded.
You block the gnoll's attack.
The gnoll hits you from afar with a spear.
* * * LOW HITPOINT WARNING * * *
The gnoll hits you with a halberd of protection!
You die...

########## #......... #.########
#.# #.# ## #.# .# ############
#.#
.####..........#########.########
.'..'..........'@ggg.............
.####..........#########.####.###
## #...........########.####.###
#.....................#.....#
###########.########.##.#g###
########### #.# #.##.._..#
#.........# #.# #.####g#.#
#.........# #.# #.##..g..#
#.........#####.### #.####.###


You could see 3 gnolls.

Vanquished Creatures
  2 adders (D:2)
  A gnoll (D:1)
  An adder skeleton (D:2)
  A worm (D:2)
  2 dart slugs (D:2)
  2 leopard geckos (D:2)
  A ball python (D:1)
  5 bats
  A giant cockroach (D:1)
  2 goblins (D:1)
  2 hobgoblins (D:2)
  2 kobolds
  A quokka (D:2)
  3 frilled lizards
  3 rats (D:2)
29 creatures vanquished.

Notes
Turn   | Place    | Note
-------+----------+-------------------------------------------
     0 | D:1      | Kairos the Vine Stalker Fighter began the quest for the Orb.
     0 | D:1      | Reached XP level 1. HP: 11/11 MP: 2/2
   172 | D:1      | Reached XP level 2. HP: 16/16 MP: 3/3
   480 | D:1      | Reached skill level 3 in Shields
  1023 | D:2      | Reached XP level 3. HP: 18/19 MP: 4/4
  1086 | D:2      | Found an opulent altar of Gozag.
  1271 | D:2      | Found a deep blue altar of Sif Muna.
  1274 | D:2      | Found a stormy altar of Qazlal.
  1665 | D:1      | Gained mutation: Your natural rate of healing is unusually fast. [Vine Stalker growth]
  1665 | D:1      | Reached XP level 4. HP: 5/23 MP: 2/5
  1808 | D:2      | Slain by a gnoll

Vault maps used:
D:1:      eino_arrival_cavern_e, minmay_misc_feat_roman
D:2:      nicolae_gozag_cash_rules_everything_around_me,
          grunt_temple_overflow_open

Skill      XL: |  1  2 |
---------------+-------+-----
Shields        | 3 |  3.2
Axes           | 2 |  2.4
Fighting       | |  2.9
Armour         | |  2.9
Dodging        | |  0.6

Action                   |  1- 3 |  4- 6 || total
-------------------------+-------+-------++-------
Melee: War axe           |    79 |     4 ||    83
       Bite              |    15 |     1 ||    16
  Eat: Chunk             |     2 |     1 ||     3
Armor: Scale mail        |    26 |     1 ||    27
Dodge: Dodged            |    22 |     3 ||    25
Block: Shield            |    49 |     3 ||    52

Table legend:
 A = Spawn XP
 B = Non-spawn XP
 C = Spawn XP percentage of total XP
 D = Spawn monster count
 E = Non-spawn monster count
 F = Spawn count percentage of total count
 G = Total turns spent on level
                    A         B        C        D         E        F      G
               +---------+---------+-------+---------+---------+-------+---------
         Total |       0 |      93 |   0.0 |       0 |      29 |   0.0 |  1808
               +---------+---------+-------+---------+---------+-------+---------
           D:1 |       0 |      28 |   0.0 |       0 |      10 |   0.0 |   694
           D:2 |       0 |      65 |   0.0 |       0 |      19 |   0.0 |  1114
               +---------+---------+-------+---------+---------+-------+---------
